 Dungeon Crawl Stone Soup version 0.21-a0-264-g3e31e41 (webtiles) character file.

115 4thArraOfDagon the Insei (level 4, -2/35 HPs)
             Began as a Demonspawn Abyssal Knight on Sept 8, 2017.
             Was a Follower of Lugonu.
             Slain by a sky beast (6 damage)
             ... on level 5 of the Dungeon.
             The game lasted 00:10:16 (2199 turns).

4thArraOfDagon the Insei (DsAK)                     Turns: 2199, Time: 00:10:16

Health: -2/35      AC:  6    Str: 12    XL:     4   Next: 68%
Magic:  6/6        EV: 16    Int: 16    God:    Lugonu [*.....]
Gold:   133        SH:  0    Dex: 18    Spells: 3/3 levels left

rFire    + + +     SeeInvis .     - Unarmed
rCold    . . .     Gourm    .   (no shield)
rNeg     + . .     Faith    .   g - +0 ring mail
rPois    .         Spirit   .   (helmet restricted)
rElec    .         Reflect  .   (no cloak)
rCorr    .         Harm     .   (no gloves)
MR       .....     NoCast   +   c - +0 pair of boots of Paskesou {-Cast rF+++ rN+ Int+2}
Stlth    ++........             (no amulet)
HPRegen  0.11/turn              (no ring)
MPRegen  0.10/turn              (no ring)

@: confused, agile
A: antennae 1, nightstalker 1
a: Depart the Abyss, Renounce Religion


You were on level 5 of the Dungeon.
You worshipped Lugonu.
Lugonu was aware of your devotion.
You were hungry.

You visited 1 branch of the dungeon, and saw 6 of its levels.
You visited the Abyss 1 time.

You collected 133 gold pieces.

Inventory:

Missiles
 n - a throwing net (quivered)
Armour
 a - a +0 leather armour
 c - the +0 pair of boots of Paskesou (worn) {-Cast rF+++ rN+ Int+2}
   (You found it on level 2 of the Abyss)

   It affects your intelligence (+2).
   It renders you almost immune to fire.
   It protects you from negative energy.
   It prevents spellcasting.
 g - a +0 ring mail (worn)
Scrolls
 d - 2 scrolls of noise {unknown}
 i - a scroll of amnesia {unknown}
 j - a scroll of enchant weapon {unknown}
 l - a scroll of immolation {unknown}
Potions
 e - 2 potions of magic
Comestibles
 b - a bread ration
 q - a royal jelly


   Skills:
 - Level 3.0 Fighting
 - Level 1.7 Armour
 + Level 1.6 Dodging
 * Level 4.0 Unarmed Combat
 + Level 2.8 Invocations


You had 3 spell levels left.
You didn't know any spells.

Dungeon Overview and Level Annotations

Branches:
Dungeon (6/15)             Temple (0/1) D:4

Altars:
Yredelemnul

Annotations:
D:4 Dowan, Duvessa
D:5 Menkaure


Innate Abilities, Weirdness & Mutations

You have a pair of small antennae on your head.
You are slightly more attuned to the shadows.


Message History

Unknown command.
Unknown command.
You feel better. The orc hits you but does no damage.
You hear some strange, mumbled words.
You are confused.
Menkaure says, "Why can't you leave me to my rest?"
Menkaure gestures at you while chanting.
You barely resist. The sky beast closely misses you.
Unknown command.
Unknown command.
Unknown command.
Unknown command.
You're too confused!
You feel agile all of a sudden. The orc misses you. Something hits you.
Menkaure hits you.
* * * LOW HITPOINT WARNING * * *
The sky beast hits you.
* * * LOW HITPOINT WARNING * * *
The sky beast shocks you.
You die...

#.#.. #.#..
#.#...
#.#...#####+##
#.#...........
#.#####(########
#.......o.......
#......YM{......
#.......@oo.....
#####+#######...
..


You could see a sky beast, Menkaure and 3 orcs.

Vanquished Creatures
  A hound (D:5)
  2 adders (D:2)
  3 worms (D:2)
  3 dart slugs
  2 leopard geckos
  An orc (D:5)
  5 giant cockroaches (D:1)
  6 goblins
  4 hobgoblins
  A jackal (D:2)
  A quokka (D:2)
  A ball python (D:3)
  8 bats
  5 frilled lizards
  A jackal zombie (D:2)
  2 kobolds
  A quokka skeleton (D:5)
  3 rats
50 creatures vanquished.

Notes
Turn   | Place    | Note
-------+----------+-------------------------------------------
     0 | Abyss:1  | 4thArraOfDagon the Demonspawn Abyssal Knight began the quest for the Orb.
     0 | Abyss:1  | Reached XP level 1. HP: 18/18 MP: 2/2
    30 | Abyss:2  | Got a pair of ichor-stained boots
    31 | Abyss:2  | Noticed a wretched star
    44 | D:1      | Escaped the Abyss
    56 | D:1      | Identified the +0 pair of boots of Paskesou {-Cast rF+++ rN+ Int+2} (You found it on level 2 of the Abyss)
    56 | D:1      | :)
    87 | D:1      | Reached skill level 2 in Unarmed Combat
   254 | D:1      | Gained mutation: You are slightly more attuned to the shadows. [demonic ancestry]
   254 | D:1      | Reached XP level 2. HP: 21/24 MP: 3/3
   268 | D:1      | Reached * piety under Lugonu
   325 | D:1      | Reached skill level 3 in Unarmed Combat
   455 | D:2      | Gained mutation: You have a pair of small antennae on your head. [demonic ancestry]
   455 | D:2      | Reached XP level 3. HP: 29/29 MP: 4/4
   737 | D:2      | Reached skill level 1 in Dodging
  1144 | D:2      | Reached XP level 4. HP: 30/35 MP: 5/5
  1259 | D:2      | Noticed a centaur
  1733 | D:4      | Noticed Duvessa
  1733 | D:4      | Noticed Dowan
  1756 | D:3      | You fall through a shaft for 2 floors!
  1756 | D:5      | Entered Level 5 of the Dungeon
  1786 | D:5      | Reached skill level 4 in Unarmed Combat
  2046 | D:4      | Found a staircase to the Ecumenical Temple.
  2093 | D:5      | Found a basalt altar of Yredelemnul.
  2187 | D:5      | Noticed Menkaure
  2192 | D:5      | Noticed a sky beast
  2198 | D:5      | p0werm0de: https://soundcloud.com/talamasca/sets/the-time-machine
  2199 | D:5      | p0werm0de: ;D
  2199 | D:5      | 4thArraOfDagon: lets see
  2199 | D:5      | p0werm0de: you goin to steal my lowest HS
  2199 | D:5      | 4thArraOfDagon: will carry that to new game :)
  2199 | D:5      | 4thArraOfDagon: no, haha
  2199 | D:5      | p0werm0de: kk
  2199 | D:5      | Slain by a sky beast

Vault maps used:
D:1:      dpeg_arrival_water_temple_mockup, st_stairs_5, nrook_loot_triangle
D:2:      minmay_diamond_boxcup, nrook_uturn, serial_bayou_ford_a,
          tso_metal_star
D:3:      grunt_temple_overflow_cloverleaf, kennysheep_okawaru_gauntlet,
          palyth_stone_intersect, tgw_trog
D:4:      minmay_temple_entry_junction, first_bread, grunt_ministairs_1,
          serial_bayou_pond_a, uniq_sigmund, uniq_crazy_yiuf_cottage,
          uniq_duvessa
D:5:      yredelemnul_altar_generic, uniq_menkaure
D:6:      nicolae_overflow_crystal_walls, serial_shops, kennysheep_little_box,
          minivault_10
Abyss:1:  guppyfry_abyss_exit_glass_guarded
Abyss:2:  evilmike_abyss_exit_2

Skill      XL: |  1  2  3  4 |
---------------+-------------+-----
Unarmed Combat | 2 3 4 |  4.0
Dodging        | 1 |  1.6
Fighting       | |  3.0
Armour         | |  1.7
Invocations    | |  2.8

Action                   |  1- 3 |  4- 6 || total
-------------------------+-------+-------++-------
Melee: Unarmed           |   174 |    89 ||   263
       Punch             |     1 |     3 ||     4
Throw: Throwing net      |       |     1 ||     1
Invok: Depart the Abyss  |     1 |       ||     1
  Use: Potion            |     3 |     7 ||    10
       Scroll            |     1 |     3 ||     4
 Stab: Sleeping          |     9 |     1 ||    10
  Eat: Chunk             |     2 |     1 ||     3
       Royal jelly       |       |     1 ||     1
Armor: Leather armour    |    41 |       ||    41
       Ring mail         |     8 |    44 ||    52
       Skin              |     3 |       ||     3
Dodge: Dodged            |    93 |    71 ||   164

Table legend:
 A = Spawn XP
 B = Non-spawn XP
 C = Spawn XP percentage of total XP
 D = Spawn monster count
 E = Non-spawn monster count
 F = Spawn count percentage of total count
 G = Total turns spent on level
                    A         B        C        D         E        F      G
               +---------+---------+-------+---------+---------+-------+---------
         Total |       0 |     165 |   0.0 |       0 |      50 |   0.0 |  2199
               +---------+---------+-------+---------+---------+-------+---------
           D:1 |       0 |      39 |   0.0 |       0 |      21 |   0.0 |   550
           D:2 |       0 |      74 |   0.0 |       0 |      24 |   0.0 |   926
           D:3 |       0 |       3 |   0.0 |       0 |       2 |   0.0 |   234
           D:5 |       0 |      49 |   0.0 |       0 |       3 |   0.0 |   378
               +---------+---------+-------+---------+---------+-------+---------
